 Dungeon Crawl Stone Soup version 0.25-a0-730-g633e9c3c14 (webtiles) character file.

Game seed: 12877218750176851957, levelgen mode: deterministic

1995 vurker the Digger (level 9, 40/40 HPs)
             Began as a Felid Earth Elementalist on Apr 7, 2020.
             Was a Believer of Vehumet.
             Quit the game on level 8 of the Dungeon.
             The game lasted 00:17:55 (11247 turns).

vurker the Digger (Felid Earth Elementalist)       Turns: 11247, Time: 00:17:56

Health: 40/40      AC:  2    Str:  4    XL:     9   Next: 1%
Magic:  21/21      EV: 18    Int: 20    God:    Vehumet [**....]
Gold:   337        SH:  0    Dex: 17    Spells: 11/22 levels left
                                        Lives:  1   Deaths: 1

rFire    . . .     SeeInvis +   (weapon unavailable)
rCold    . . .     Gourm    .   (shield unavailable)
rNeg     . . .     Faith    .   (armour unavailable)
rPois    .         Spirit   .   (helmet unavailable)
rElec    .         Reflect  .   (cloak unavailable)
rCorr    +         Harm     .   (gloves unavailable)
MR       +....                  (boots unavailable)
Stlth    +++.......             a - amulet of regeneration
HPRegen  0.53/turn              r - ring of resist corrosion
MPRegen  0.17/turn              (no ring)

@: quick
A: very small, no armour, no weapons or thrown items, stealth, claws 1, fangs 3,
see invisible, carnivore, speed 1, shaggy fur 2, slow metabolism 1, sharp paws
a: Renounce Religion


You were on level 8 of the Dungeon.
You worshipped Vehumet.
Vehumet was pleased with you.
You were not hungry.

You visited 2 branches of the dungeon, and saw 9 of its levels.

You collected 337 gold pieces.

Inventory:

Missiles
 v - 82 stones
Jewellery
 a - an amulet of regeneration (around neck)
   (You found it on level 1 of the Dungeon)
 r - a ring of resist corrosion (left paw)
   (You found it on level 2 of the Dungeon)
Wands
 l - a wand of enslavement (6)
   (You found it on level 2 of the Dungeon)
 x - a wand of acid (9)
   (You took it off an orc wizard on level 4 of the Dungeon)
Scrolls
 b - 2 scrolls of enchant armour {unknown}
 c - 3 scrolls of magic mapping {unknown}
 d - 2 scrolls of teleportation {unknown}
 i - 3 scrolls of remove curse {unknown}
 k - a scroll of fog {unknown}
 m - a scroll of random uselessness {unknown}
 q - a scroll of blinking {unknown}
 s - a scroll of amnesia {unknown}
 u - a scroll of torment {unknown}
 y - a scroll of noise {unknown}
Potions
 f - 5 potions of heal wounds
 g - 2 potions of curing
 j - a potion of ambrosia
 n - a potion of resistance
 o - a potion of brilliance
 p - 4 potions of haste
 t - a potion of flight
 A - a potion of magic
Comestibles
 e - 14 rations


   Skills:
 + Level 5.3 Fighting
 - Level 2.6 Dodging
 - Level 2.6 Stealth
 * Level 7.4 Spellcasting
 * Level 6.7 Conjurations
 - Level 1.1 Transmutations
 * Level 7.7 Earth Magic


You had 11 spell levels left.
You knew the following spells:

 Your Spells              Type           Power        Failure   Level  Hunger
a - Sandblast             Erth           #####.       1%          1    None
b - Stone Arrow           Conj/Erth      #####.       1%          3    #......
q - Passwall              Tmut/Erth      ####....     2%          2    None
z - Lee's Rapid Deconstr  Erth           #####.....   11%         5    #####..

Your spell library contained the following spells:

 Spells                   Type           Power        Failure   Level  Hunger
 Inner Flame              Hex/Fire       #.......     26%         3    #......
 Freeze                   Ice            #...         9%          1    None
 Petrify                  Tmut/Erth      ####....     14%         4    ###....
 Ice Form                 Ice/Tmut       #.......     58%         4    ###....
 Metabolic Englaciation   Hex/Ice        #.........   94%         5    #####..
 Freezing Cloud           Conj/Ice/Air   ###.......   99%         6    ######.


Dungeon Overview and Level Annotations

Branches:
Dungeon (8/15)             Temple (1/1) D:4
   Lair: D:8-11

Altars:
Ashenzari
Cheibriados
Elyvilon
Makhleb
Qazlal
Trog
Vehumet
Wu Jian
Xom
Yredelemnul

Shops:
D:6 =

Annotations:
D:8 Gastronok, Grum


Innate Abilities, Weirdness & Mutations

You cannot wear armour.
You are incapable of wielding weapons or throwing items.
Your paws allow you to move quietly. (Stealth)
You have sharp claws.
You have razor-sharp teeth.
You have supernaturally acute eyesight. (SInv)
You are carnivorous and can eat meat at any time.
You cover ground quickly.
You are covered in thick fur. (AC +2)
You have a slow metabolism.
Your sharp claws are effective at attacking unaware monsters.


Message History

Aim: a shadow imp (hasn't noticed you)
The stone arrow hits the shadow imp.
The shadow imp shouts!
Aim: a shadow imp (lightly wounded)
The stone arrow hits the shadow imp!!
You kill the shadow imp!
Vehumet accepts your kill.
You feel your power returning.
Gastronok the Ponderous comes into view.
There is a stone staircase leading up here.
Gastronok is too close now for your liking.
A rock wall.
The wall shatters!
The blast of rock fragments hits Gastronok!
A rock wall.
The wall shatters!
The blast of rock fragments hits Gastronok!
Gastronok waves his eye-stalks in wide circles.
The air twists around and strikes you!!
Ouch! That really hurt!
* * * LOW HITPOINT WARNING * * *
A rock wall.
Okay, then.
You climb upwards.
There is a stone staircase leading down here.
There is a stone staircase leading down here.
You start resting.
You start resting.
Okay, then.
You climb downwards.
Level annotation: Gastronok 3 wolves, 3 orcs, a phantom and Grum come into view.
Grum growls angrily.
The wolf howls!
The orc shouts!
The wolf howls!
The orc wizard shouts!
You hear a shout!
The wolf bites you. The wolf bites you!
The wolf howls!
The wolf bites you!
* * * LOW HITPOINT WARNING * * *
The orc completely misses you. The wolf closely misses you.
An orc wizard comes into view. It is wielding a +0 dagger.
Found 18 stones and a scroll of identify.
There is a stone staircase leading up, spattered with blood here.
The wolf bites you.
* * * LOW HITPOINT WARNING * * *
Grum hits you from afar with a -2 spear!
* * * LOW HITPOINT WARNING * * *
The wolf barely misses you. The wolf bites you.
You stop ascending the stairs.
You die...
You are now level 9!
You rejoin the land of the living...

######
######....#
..........##
...........#
.......@#
##....###
##.. #. #


There were no monsters in sight!

Vanquished Creatures
  Grinder (D:4)
  A hippogriff (D:7)
  A spriggan (D:7)
  Sigmund (D:3)
  3 ice beasts
  A sky beast (D:8)
  5 phantoms
  A black bear (D:7)
  3 ogres
  4 centaurs
  A big kobold (D:7)
  2 bullfrogs
  A scorpion (D:4)
  4 howler monkeys
  3 killer bees (D:7)
  An electric eel (D:6)
  A centaur zombie (D:4)
  3 crimson imps
  A hound (D:5)
  A jelly (D:7)
  2 bullfrog skeletons
  3 bullfrog zombies (D:4)
  3 orc priests
  9 orc wizards
  Natasha (thrice) (D:2)
  5 worker ants
  A hound zombie (D:4)
  2 worker ant zombies (D:4)
  4 hound skeletons
  4 gnolls (D:2)
  7 adders
  2 shadow imps
  An ooze (D:1)
  2 adder skeletons (D:4)
  An adder zombie (D:4)
  2 worms (D:2)
  6 dart slugs
  2 leopard geckos
  18 orcs
  3 ball pythons
  5 bats
  A giant cockroach (D:1)
  6 goblins
  8 hobgoblins
  7 jackals
  10 kobolds
  4 quokkas
  A ball python zombie (D:4)
  4 frilled lizards
  A giant cockroach zombie (D:4)
  A jackal zombie (D:4)
  A leopard gecko zombie (D:4)
  A quokka skeleton (D:4)
  2 quokka zombies (D:4)
  11 rats
182 creatures vanquished.

Vanquished Creatures (others)
  2 withered plants (D:4)
2 creatures vanquished.

Grand Total: 184 creatures vanquished

Notes
Turn   | Place    | Note
-------+----------+-------------------------------------------
     0 | D:1      | vurker the Felid Earth Elementalist began the quest for the
                  | Orb.
     0 | D:1      | Reached XP level 1. HP: 7/7 MP: 4/4
   155 | D:1      | Reached XP level 2. HP: 7/12 MP: 0/6
   957 | D:2      | Reached skill level 1 in Fighting
   974 | D:2      | Reached XP level 3. HP: 7/15 MP: 0/7
  1162 | D:2      | Learned a level 3 spell: Stone Arrow
  1165 | D:2      | Learned a level 2 spell: Passwall
  1263 | D:2      | Found a faded altar of an unknown god.
  1773 | D:2      | Reached XP level 4. HP: 17/19 MP: 6/9
  2034 | D:2      | Noticed Natasha
  2044 | D:2      | Killed Natasha
  2044 | D:2      | Reached skill level 1 in Conjurations
  2487 | D:2      | Found a faded altar of an unknown god.
  2544 | D:2      | Noticed Natasha
  2548 | D:2      | Killed Natasha
  2548 | D:2      | Reached XP level 5. HP: 22/22 MP: 6/10
  2699 | D:2      | Noticed Natasha
  2708 | D:2      | Killed Natasha
  3692 | D:4      | Noticed a phantom
  3810 | D:3      | Killed a phantom
  3810 | D:3      | Gained mutation: You are covered in thick fur. (AC +2)
                  | [Felid growth]
  3810 | D:3      | Reached XP level 6. HP: 20/26 MP: 6/12
  3858 | D:3      | Learned a level 5 spell: Lee's Rapid Deconstruction
  4115 | D:4      | Found a staircase to the Ecumenical Temple.
  4156 | Temple   | Entered the Ecumenical Temple
  4205 | Temple   | Became a worshipper of Vehumet
  4386 | D:4      | Reached XP level 7. HP: 30/30 MP: 0/14
  5022 | D:4      | Noticed Grinder
  5110 | D:4      | HP: 1/30 [Grinder (3)]
  5229 | D:4      | Killed Grinder
  5229 | D:4      | Reached skill level 5 in Earth Magic
  5814 | D:3      | Noticed Sigmund
  5818 | D:3      | Killed Sigmund
  5818 | D:3      | Reached skill level 5 in Spellcasting
  5818 | D:3      | Reached XP level 8. HP: 34/34 MP: 3/16
  6291 | D:4      | Reached * piety under Vehumet
  6291 | D:4      | Offered knowledge of Freeze by Vehumet.
  6713 | D:5      | Entered Level 5 of the Dungeon
  7824 | D:5      | Reached skill level 5 in Conjurations
  8284 | D:6      | Found Duphaam's Jewellery Boutique.
  8384 | D:5      | Reached XP level 9. HP: 36/39 MP: 14/19
  8511 | D:6      | Reached ** piety under Vehumet
  8511 | D:6      | Offered knowledge of Magic Dart by Vehumet.
  8926 | D:6      | Identified Xojuraom's Collected Works on the Snowflakes
  9178 | D:6      | Found a basalt altar of Yredelemnul.
 10303 | D:7      | Reached skill level 5 in Fighting
 11061 | D:8      | Offered knowledge of Inner Flame by Vehumet.
 11072 | D:8      | Reached XP level 10. HP: 44/44 MP: 7/22
 11158 | D:8      | Noticed Gastronok
 11245 | D:8      | Noticed Grum
 11246 | D:8      | HP: 2/44 [Grum/-2 spear (15)]
 11246 | D:8      | Slain by a wolf
 11247 | D:8      | Reached XP level 9. HP: -3/40 MP: 21/21
 11247 | D:8      | Quit the game

Levels and vault maps discovered:
D:1:      sevenhm_arrival_forest_fort_small_4, layout_basic
D:2:      layout_loops_ring, chequers_ecumenical_altar_simple, uniq_natasha
D:3:      layout_basic, uniq_sigmund
D:4:      layout_loops_ring, minmay_temple_entry_gardened_gates, serial_undead,
          serial_undead_b, serial_undead_f, serial_undead_d, serial_undead_c,
          serial_undead_d, serial_undead_f, uniq_grinder
D:5:      layout_basic, first_ration
D:6:      layout_rooms, serial_shops, shop, kennysheep_diamond, minivault_24
D:7:      nicolae_whirlpool, layout_basic, the_bakery
D:8:      layout_layer_cave, lemuel_crystal_altar, uniq_grum, uniq_gastronok
Temple:   grunt_wide_crystal_templ

Skill      XL: |  1  2  3  4  5  6  7  8  9 |
---------------+----------------------------+-----
Earth Magic    | 3 4 5 6 7 |  7.7
Fighting       | 1 2 3 4 5 |  5.3
Spellcasting   | 3 4 5 6 7 |  7.4
Conjurations   | 1 2 4 5 6 |  6.7
Dodging        | |  2.6
Stealth        | |  2.6
Transmutations | |  1.1

Action                   |  1- 3 |  4- 6 |  7- 9 | 10-12 || total
-------------------------+-------+-------+-------+-------++-------
Melee: Unarmed           |    14 |    27 |    49 |       ||    90
       Bite              |     2 |     3 |     9 |       ||    14
 Cast: Sandblast         |    73 |    55 |    36 |       ||   164
       Stone Arrow       |     1 |    24 |   169 |     3 ||   197
       Lee's Rapid Decon |       |       |     1 |     2 ||     3
  Use: Potion            |       |       |     1 |       ||     1
       Scroll            |       |       |     8 |       ||     8
 Stab: Sleeping          |       |     1 |       |       ||     1
  Eat: Chunk             |     9 |     7 |    19 |       ||    35
Armor: Skin              |     1 |     5 |    10 |       ||    16
Dodge: Dodged            |    35 |    43 |   120 |     3 ||   201

Table legend:
 A = Non-vault XP
 B = Vault XP
 C = Vault XP percentage of total XP
 D = Non-vault monster count
 E = Vault monster count
 F = Vault count percentage of total count
                 A         B        C        D         E       F
            +---------+---------+-------+---------+---------+-------
      Total |    4256 |    1376 |  24.4 |     154 |      28 |  15.4
            +---------+---------+-------+---------+---------+-------
        D:1 |      36 |       0 |   0.0 |      16 |       0 |   0.0
        D:2 |     196 |      36 |  15.5 |      39 |       1 |   2.5
        D:3 |     314 |     212 |  40.3 |      20 |       1 |   4.8
        D:4 |     484 |     630 |  56.6 |      11 |      22 |  66.7
        D:5 |     757 |       0 |   0.0 |      20 |       0 |   0.0
        D:6 |     647 |      40 |   5.8 |      19 |       1 |   5.0
        D:7 |    1573 |     458 |  22.6 |      25 |       3 |  10.7
        D:8 |     249 |       0 |   0.0 |       4 |       0 |   0.0
            +---------+---------+-------+---------+---------+-------
